 Dungeon Crawl Stone Soup version 0.31.0-9-g3a7656b989 (webtiles) character file.

Game seed: 6875857129327272415

326 qw the Ducker (level 6, -1/30 HPs)
             Began as a Spriggan Hunter on Feb 2, 2024.
             Slain by an orc
             ... wielding a +0 flail
              (4 damage)
             ... on level 3 of the Dungeon.
             The game lasted 00:00:05 (1785 turns).

qw the Ducker (Spriggan Hunter)                     Turns: 1785, Time: 00:00:06

Health: -1/30      AC:  4    Str:  7    XL:     6   Next: 24%
Magic:  7/7        EV: 25    Int: 10    God:
Gold:   123        SH:  0    Dex: 27    Spells: 5/5 levels left

rFire   . . .        a - +0 shortbow
rCold   . . .        (shield currently unavailable)
rNeg    . . .        c - +0 robe
rPois   .            (helmet restricted)
rElec   .            b - +1 cloak
rCorr   .            (gloves unavailable)
SInv    +            (boots unavailable)
Will    +....        (no amulet)
Stlth   +++          h - +6 ring of dexterity
HPRegen 0.25/turn    (no ring)
MPRegen 0.10/turn

%: no passive effects
@: very quick
A: very small, no large weapons, unfitting armour, see invisible, speed 3
a: no special abilities


You were on level 3 of the Dungeon.
You visited 1 branch of the dungeon, and saw 3 of its levels.

You collected 123 gold pieces.


Innate Abilities, Weirdness & Mutations

You are very small and have problems with some larger weapons.
You are too small for most types of armour.
You have supernaturally acute eyesight. (SInv)
You cover ground extremely quickly. (Speed+++)


   Skills:
 - Level 2.0 Fighting
 + Level 5.0 Ranged Weapons
 - Level 7.5 Dodging
 - Level 1.5 Stealth


You had 5 spell levels left.
You didn't know any spells.
Your spell library was empty.

Inventory:

Hand Weapons
 a - a +0 shortbow (weapon)
Armour
 b - a +1 cloak (worn)
 c - a +0 robe (worn)
Jewellery
 e - a ring of ice
 h - a +6 ring of dexterity (left hand)
Potions
 d - a potion of resistance
 f - a potion of degeneration {unknown}
 i - a potion of ambrosia {unknown}
 j - a potion of heal wounds {unknown}
 k - a potion of curing

Dungeon Overview and Level Annotations

Branches:
Dungeon (3/15)

Altars:


Message History

Your Fighting skill increases to level 2!
You shoot an arrow. The arrow hits the orc!
You kill the orc!
The orc completely misses you. The orc misses you.
You shoot an arrow. The arrow hits the orc!
You kill the orc!
The orc completely misses you. Jessica casts a spell at you.
Pain shoots through your body!
You shoot an arrow. The arrow completely misses the orc.
The orc barely misses you.
Jessica points at you and mumbles some strange words.
Pain shoots through your body! The orc closely misses you.
You shoot an arrow. The arrow hits Jessica.
Jessica is heavily wounded.
Jessica misses you. The orc completely misses you.
Jessica completely misses you.
You shoot an arrow. The arrow barely misses Jessica.
Jessica casts a spell at you. You resist with significant effort.
The orc completely misses you.
You shoot an arrow.
The arrow hits Jessica but does no damage.
Jessica is heavily wounded.
Jessica misses you.
Jessica casts a spell.
Jessica blinks!
The goblin barely misses you. The orc closely misses you.
You shoot an arrow. The arrow hits the goblin.
You kill the goblin!
The orc closely misses you.
You shoot an arrow. The arrow barely misses the orc.
The orc closely misses you.
Jessica looks very angry.
You shoot an arrow. The arrow barely misses Jessica.
The orc misses you.
Jessica shouts, "Stop bothering me, or I'll kill you!"
Jessica misses you.
You shoot an arrow. The arrow hits Jessica!
You kill Jessica!
The orc hits you with a +0 flail.
You die...

.# ###### ...
#$...# ....
#....#####
....##....#....
...............
... .)..$......
.. #)o)..#
#.#)@)..#
..##......##
.......<..#
..####.....# #
##.....#
.......#
.......#
#.......#
.......##


You could see an orc.

Vanquished Creatures
  Sigmund (D:2)
  An orc priest (D:3)
  Jessica (D:3)
  Natasha (twice) (D:2)
  3 adders (D:2)
  2 ribbon worms (D:2)
  A dart slug (D:2)
  3 orcs (D:3)
  4 bats
  5 endoplasms
  2 giant cockroaches (D:2)
  7 goblins
  3 hobgoblins
  4 jackals (D:2)
  6 kobolds
  A quokka (D:2)
  2 ball pythons (D:2)
  2 frilled lizards (D:2)
  A rat (D:1)
51 creatures vanquished.

Notes
Turn   | Place    | Note
-------+----------+-------------------------------------------
     0 | D:1      | qw the Spriggan Hunter began the quest for the Orb.
     0 | D:1      | Reached XP level 1. HP: 10/10 MP: 2/2
     0 | D:1      | 0 ||| qw: Version: 0.3-a-155-g5e7d8dd
     0 | D:1      | 0 ||| qw: Game counter: 1262
     0 | D:1      | 0 ||| qw: Melee chars always use a shield: true
     0 | D:1      | 0 ||| qw: God list: Okawaru
     0 | D:1      | 0 ||| qw: Allow faded altars: false
     0 | D:1      | 0 ||| qw: Do Orc after clearing Dungeon:15 true
     0 | D:1      | 0 ||| qw: Do second Lair branch before Depths: true
     0 | D:1      | 0 ||| qw: Lair rune preference: random
     0 | D:1      | 0 ||| qw: Goals: Normal
     0 | D:1      | 0 ||| PLANNING D:1-11
    32 | D:1      | Reached skill level 3 in Dodging
   218 | D:1      | Reached XP level 2. HP: 14/14 MP: 3/3
   361 | D:1      | 361 ||| UPGRADING to +6 ring of dexterity.
   362 | D:1      | 362 ||| READING scroll labelled MUOPOI ATAEQUS.
   362 | D:1      | 362 ||| IDENTIFYING orange potion
   363 | D:1      | 363 ||| DROPPING scroll of butterflies.
   389 | D:2      | Reached skill level 4 in Dodging
   507 | D:2      | Noticed Sigmund
   514 | D:2      | Killed Sigmund
   515 | D:2      | Reached skill level 7 in Dodging
   515 | D:2      | Reached XP level 3. HP: 7/18 MP: 4/4
   515 | D:2      | Reached XP level 4. HP: 9/22 MP: 5/5
   515 | D:2      | Reached XP level 5. HP: 10/25 MP: 6/6
   720 | D:2      | Noticed Natasha
   728 | D:2      | Killed Natasha
  1069 | D:2      | Noticed Natasha
  1076 | D:2      | Killed Natasha
  1534 | D:2      | Reached XP level 6. HP: 30/30 MP: 7/7
  1580 | D:2      | 1580 ||| UPGRADING to +1 cloak.
  1585 | D:2      | 1585 ||| READING scroll labelled LIMEILOSYL.
  1586 | D:2      | 1586 ||| READING scroll labelled AFI OBLUDUO.
  1687 | D:2      | 1687 ||| DRINKING 2 coppery potions.
  1750 | D:3      | 1750 ||| STAIRDANCE
  1771 | D:3      | Noticed Jessica
  1777 | D:3      | HP: 3/30 [Jessica/nerve-wracking pain (9)]
  1778 | D:3      | HP: 1/30 [Jessica/nerve-wracking pain (3)]
  1785 | D:3      | Killed Jessica
  1785 | D:3      | Slain by an orc

Levels and vault maps discovered:
D:1:      lemuel_arrival_room, layout_basic, nicolae_figureground_pulse
D:2:      minmay_chambers_of_twos, layout_basic, uniq_natasha, uniq_sigmund
D:3:      layout_rooms, amcnicky_altar_gilded, grunt_temple_overflow_open,
          minmay_unequal, uniq_grinder, uniq_jessica

Skill      XL: |  1  2  3  4  5  6 |
---------------+-------------------+-----
Dodging        | 3 7 |  7.5
Ranged Weapons | 5 |  5.0
Fighting       | 2 |  2.0
Stealth        | |  1.5

Action                     |  1- 3 |  4- 6 || total
---------------------------+-------+-------++-------
   Fire: Shortbow          |    46 |   120 ||   166
    Use: Scroll            |     1 |     2 ||     3
         Potion            |       |     1 ||     1
 Armour: Robe              |     6 |     8 ||    14
  Dodge: Dodged            |    23 |    87 ||   110

Table legend:
 A = Non-vault XP
 B = Vault XP
 C = Vault XP percentage of total XP
 D = Non-vault monster count
 E = Vault monster count
 F = Vault count percentage of total count
                 A         B        C        D         E       F
            +---------+---------+-------+---------+---------+-------
      Total |     165 |     338 |  67.2 |      40 |      11 |  21.6
            +---------+---------+-------+---------+---------+-------
        D:1 |      14 |       0 |   0.0 |       9 |       0 |   0.0
        D:2 |      94 |     301 |  76.2 |      25 |      10 |  28.6
        D:3 |      57 |      37 |  39.4 |       6 |       1 |  14.3
            +---------+---------+-------+---------+---------+-------
